 Dungeon Crawl Stone Soup version 0.22-a0-537-ge9e9f76342 (webtiles) character file.

11542 M4edhros the Martial Artist (level 11, 0/72 HPs)
             Began as an Octopode Necromancer on June 23, 2018.
             Was a High Priest of Cheibriados.
             Killed from afar by a hell hound (15 damage)
             ... with a blast of flame
             ... led by Azrael
             ... on level 12 of the Dungeon.
             The game lasted 00:38:17 (5781 turns).

M4edhros the Martial Artist (Octopode Necromancer)  Turns: 5781, Time: 00:38:18

Health: 0/72       AC:  5    Str: 21    XL:     11   Next: 79%
Magic:  20/20      EV: 18    Int: 34    God:    Cheibriados [*****.]
Gold:   527        SH: 13    Dex: 32    Spells: 3/22 levels left

rFire    . . .     SeeInvis +     - Unarmed
rCold    . . .     Gourm    .   M - +1 shield {AC+3}
rNeg     . . .     Faith    .   L - +1 hat {SInv}
rPois    +         Spirit   .   (no amulet)
rElec    .         Reflect  .   d - +3 ring of dexterity
rCorr    .         Harm     .   e - ring of poison resistance
MR       .....                  v - ring of wizardry
Stlth    +++++.....             w - +3 ring of slaying
HPRegen  0.22/turn              m - ring of stealth
MPRegen  0.17/turn              O - +4 ring of intelligence
                                (no ring)
                                (no ring)

@: very slow
A: almost no armour, stealthy swim, amphibious, 8 rings, constrict 8, camouflage
1, gelatinous body 1
a: Bend Time, Temporal Distortion, Slouch, Step From Time, Renounce Religion


You were on level 12 of the Dungeon.
You worshipped Cheibriados.
Cheibriados was extremely pleased with you.
You were not hungry.

You visited 2 branches of the dungeon, and saw 13 of its levels.
You also visited: Bailey.

You collected 587 gold pieces.
You spent 60 gold pieces at shops.

Inventory:

Hand Weapons
 h - a +0 hunting sling
Missiles
 a - 161 sling bullets
 C - 5 poisoned tomahawks (quivered)
Armour
 u - a +0 buckler
 L - a +1 hat of see invisible (worn)
 M - a +1 shield of protection (worn)
Jewellery
 d - a +3 ring of dexterity (left tentacle)
 e - a ring of poison resistance (right tentacle)
 i - an uncursed ring of ice
 m - a ring of stealth (on tentacle)
 v - a ring of wizardry (on tentacle)
 w - a +3 ring of slaying (on tentacle)
 O - a +4 ring of intelligence (on tentacle)
Wands
 n - a wand of disintegration (6)
 q - a wand of flame (50)
 E - a wand of scattershot (2)
 Q - a wand of clouds (5)
Scrolls
 c - 4 scrolls of enchant armour {unknown}
 f - 4 scrolls of immolation {unknown}
 g - 10 scrolls of remove curse
 p - 8 scrolls of teleportation
 r - 2 scrolls of blinking {unknown}
 s - a scroll of magic mapping {unknown}
 y - a scroll of amnesia {unknown}
 A - a scroll of enchant weapon {unknown}
 B - 2 scrolls of fear {unknown}
 D - 2 scrolls of fog {unknown}
 J - a scroll of brand weapon {unknown}
 P - a scroll of identify
Potions
 j - a potion of invisibility {unknown}
 k - 4 potions of lignification
 l - 2 potions of magic {unknown}
 t - 4 potions of ambrosia
 x - a potion of agility {unknown}
 z - 4 potions of curing
 G - a potion of mutation {unknown}
 H - a potion of brilliance {unknown}
 I - a potion of might {unknown}
 K - a potion of cancellation {unknown}
Comestibles
 b - 18 rations


   Skills:
 + Level 5.5 Fighting
 + Level 6.0 Dodging
 + Level 3.3 Stealth
 * Level 5.4 Shields
 * Level 9.0 Unarmed Combat
 * Level 6.2 Spellcasting
 - Level 4.6 Conjurations
 - Level 4.0 Necromancy
 * Level 1.8 Transmutations
 - Level 4.5 Fire Magic
 * Level 2.2 Invocations
 - Level 8.6 Evocations


You had 3 spell levels left.
You knew the following spells:

 Your Spells              Type           Power        Failure   Level  Hunger
a - Pain                  Necr           ####         1%          1    None
b - Animate Skeleton      Necr           N/A          1%          1    None
c - Regeneration          Chrm/Necr      ###.......   8%          3    None
d - Sticky Flame          Conj/Fire      #####...     9%          4    ##.....
e - Animate Dead          Necr           N/A          11%         4    ##.....
f - Hydra Form            Tmut           ###.......   97%         6    ######.

Your spell library contained the following spells:

 Spells                   Type           Power        Failure   Level  Hunger
 Fireball                 Conj/Fire      #####.....   22%         5    ####...
 Conjure Flame            Conj/Fire      #####...     2%          3    None
 Confuse                  Hex            ##......     16%         3    None
 Throw Flame              Conj/Fire      #####.       1%          2    None
 Vampiric Draining        Necr           #####.....   3%          3    None
 Spider Form              Tmut/Pois      ###.......   12%         3    None
 Confusing Touch          Hex            ##....       6%          1    None
 Flame Tongue             Conj/Fire      #####        1%          1    None
 Metabolic Englaciation   Hex/Ice        ##........   80%         5    ####...
 Alistair's Intoxication  Tmut/Pois      ###.....     67%         5    ####...
 Petrify                  Tmut/Erth      ###.....     34%         4    ##.....
 Inner Flame              Hex/Fire       ####....     6%          3    None
 Beastly Appendage        Tmut           ###...       2%          1    None
 Gell's Gravitas          Tloc           ##........   16%         3    None
 Yara's Violent Unravell  Hex/Tmut       ###.......   67%         5    ####...


Dungeon Overview and Level Annotations

Branches:
Dungeon (12/15)            Temple (1/1) D:4
   Lair: D:8-11         Orc: D:9-12

Altars:
Ashenzari
Cheibriados
Dithmenos
Elyvilon
Fedhas
Gozag
Hepliaklqana
Kikubaaqudgha
Makhleb
Nemelex Xobeh
Okawaru
Qazlal
Ru
Sif Muna
Trog
Uskayaw
Vehumet
Wu Jian
Xom
Yredelemnul
Zin
The Shining One

Shops:
D:6 ?}   D:9 %:   D:12 [

Annotations:
D:6 3 runed doors, levstk's ghost, novice KoHu
D:9 3 runed doors, strelocc's ghost, novice CeHu
D:12 Azrael


Innate Abilities, Weirdness & Mutations

You cannot wear most types of armour.
You are very stealthy in the water. (Stealth+)
You are amphibious.
You can wear up to eight rings at the same time.
You can use your tentacles to constrict eight enemies at once.
Your skin changes colour to match your surroundings (Stealth+).
Your rubbery body absorbs attacks. (AC +1, EV +1)


Message History

Azrael is charmed.
The now-empty wand crumbles to dust.
You block the hell hound's attack.
You bludgeon the hell hound! You grab the hell hound.
The hell hound is moderately wounded.
You constrict the hell hound. You block the hell hound's attack.
The hell hound barely misses you.
Unknown command.
You completely miss the hell hound.
The hell hound is heavily wounded.
You constrict the hell hound. The hell hound bites you.
* * * LOW HITPOINT WARNING * * *
The fire elemental hits Azrael.
Azrael closely misses the fire elemental.
Unknown command.
You bludgeon the hell hound!
The hell hound is severely wounded.
You constrict the hell hound. The hell hound breathes flames at you.
The blast of flame hits you!
You die...

.....#...#.### ...
....#......... #.#
### ##...##### .(.
##.## #§# #.# #§# #.#
#E# # ##'## # #R# .#
##...## #.###@##.#
##.....##
#...h)...###.......##
####...####.........#
#...∩((.(.........+
##.$.####.........#
#..## ##.).....##
#.## ##....)## #.
##...## #. ##+##


You could see a fire elemental, a hell hound and the friendly Azrael.

Vanquished Creatures
  A two-headed ogre (D:9)
  The ghost of Banto the Covert, a novice OpEE (D:7)
  2 orc knights (Bailey)
  An ugly thing (D:11)
  A manticore (D:11)
  A cyclops (D:11)
  Joseph (D:7)
  A centaur zombie (D:11)
  2 kobold demonologists
  A hippogriff (D:11)
  A spriggan (D:10)
  A wraith (D:11)
  A wyvern (D:10)
  A fire elemental (D:12)
  2 yaks (D:11)
  A hungry ghost (D:4)
  A soldier ant (D:8)
  2 hell hounds (D:12)
  A water moccasin (D:8)
  9 orc warriors
  2 ice beasts (D:11)
  A sky beast (D:7)
  2 phantoms
  3 ogres
  7 centaurs
  A crocodile (D:9)
  Blork the orc (D:6)
  A gnoll sergeant (D:7)
  9 bullfrogs
  5 scorpions
  4 killer bees (D:9)
  A howler monkey (D:11)
  8 electric eels
  A crimson imp (D:10)
  A bullfrog zombie (D:5)
  3 hounds
  12 orc priests
  2 centaur skeletons
  2 jellies
  3 iguanas
  7 orc wizards
  5 worker ants
  2 killer bee zombies
  2 hound skeletons
  4 gnolls
  A howler monkey skeleton (D:5)
  9 adders
  An ooze (D:5)
  An adder zombie (D:7)
  2 adder skeletons (D:2)
  3 worms
  5 leopard geckos
  53 orcs
  4 bats
  6 giant cockroaches
  16 goblins
  9 hobgoblins
  3 jackals (D:9)
  2 kobolds
  2 ball pythons
  8 frilled lizards
  A quokka skeleton (D:2)
  2 quokka zombies
  6 rats
255 creatures vanquished.

Vanquished Creatures (collateral kills)
  A kobold demonologist (Bailey)
  A hungry ghost (D:12)
  2 orc warriors (Bailey)
  A hound zombie (D:7)
  5 gnolls (D:7)
  An adder (D:12)
  A worm (D:2)
  5 orcs
  2 goblins (Bailey)
  5 hobgoblins
  A kobold (D:1)
  A frilled lizard (D:1)
  2 rats (D:1)
28 creatures vanquished.

Vanquished Creatures (others)
  A phantom (D:11)
  3 centaurs
  5 plants (D:9)
9 creatures vanquished.

Grand Total: 292 creatures vanquished

Notes
Turn   | Place    | Note
-------+----------+-------------------------------------------
     0 | D:1      | M4edhros the Octopode Necromancer began the quest for the Orb.
     0 | D:1      | Reached XP level 1. HP: 11/11 MP: 3/3
    40 | D:1      | Reached skill level 1 in Unarmed Combat
    40 | D:1      | Reached XP level 2. HP: 4/17 MP: 0/5
    63 | D:1      | Learned a level 1 spell: Animate Skeleton
    79 | D:1      | Reached skill level 2 in Unarmed Combat
   347 | D:2      | Reached XP level 3. HP: 8/21 MP: 6/6
   353 | D:2      | Learned a level 3 spell: Regeneration
   495 | D:2      | Reached skill level 3 in Unarmed Combat
   653 | D:3      | Found a white marble altar of Elyvilon.
   722 | D:3      | Reached XP level 4. HP: 25/27 MP: 7/7
   779 | D:3      | Found a transporter.
   919 | D:3      | Noticed an orc warrior
   928 | D:3      | Killed an orc warrior
   928 | D:3      | Reached skill level 1 in Fighting
   928 | D:3      | Reached skill level 4 in Unarmed Combat
   928 | D:3      | Reached skill level 1 in Evocations
   928 | D:3      | Reached XP level 5. HP: 31/33 MP: 8/8
   982 | D:3      | Reached XP level 6. HP: 24/38 MP: 6/9
   988 | D:3      | Found a transporter.
  1294 | D:4      | Reached skill level 5 in Unarmed Combat
  1294 | D:4      | Reached XP level 7. HP: 11/45 MP: 4/10
  1319 | D:4      | Noticed a hungry ghost
  1330 | D:4      | Found an ornate altar of the Wu Jian Council.
  1401 | D:4      | Killed a hungry ghost
  1512 | D:4      | Found a staircase to the Ecumenical Temple.
  1521 | Temple   | Entered the Ecumenical Temple
  1647 | D:5      | Entered Level 5 of the Dungeon
  1679 | D:5      | Learned a level 4 spell: Sticky Flame
  1903 | D:5      | Reached XP level 8. HP: 41/51 MP: 11/11
  1918 | D:5      | Reached skill level 1 in Conjurations
  1918 | D:5      | Reached skill level 1 in Fire Magic
  2048 | D:4      | Found a hazy altar of Hepliaklqana.
  2207 | D:4      | Reached skill level 6 in Unarmed Combat
  2207 | D:4      | Reached skill level 5 in Evocations
  2270 | D:3      | Found a burning altar of Makhleb.
  2702 | D:2      | Found a faded altar of an unknown god.
  2748 | D:2      | Found a radiant altar of Vehumet.
  2910 | D:6      | Found an iron altar of Okawaru.
  2932 | D:6      | Found a snail-covered altar of Cheibriados.
  2942 | D:6      | Became a worshipper of Cheibriados the Contemplative
  2950 | D:6      | Found Qapn's Gadget Boutique.
  3022 | D:6      | Found a sparkling altar of Nemelex Xobeh.
  3067 | D:6      | Found Zeixus's Magic Scroll Shoppe.
  3076 | D:6      | Bought a scroll of teleportation for 36 gold pieces
  3077 | D:6      | Bought a scroll of identify for 24 gold pieces
  3104 | D:6      | Noticed Blork the orc
  3106 | D:6      | Found a runed gate.
  3107 | D:6      | Found a runed gate.
  3108 | D:6      | Found a runed gate.
  3110 | D:6      | Noticed levstk's ghost (novice KoHu)
  3116 | D:6      | Killed Blork the orc
  3276 | D:7      | Found a glowing golden altar of the Shining One.
  3324 | D:7      | Reached * piety under Cheibriados
  3324 | D:7      | Reached XP level 9. HP: 34/57 MP: 9/13
  3477 | D:7      | Noticed Joseph
  3489 | D:7      | Killed Joseph
  3607 | D:7      | Found a basalt altar of Yredelemnul.
  3703 | D:8      | Reached skill level 7 in Unarmed Combat
  3709 | D:8      | Reached ** piety under Cheibriados
  3828 | D:8      | Reached skill level 1 in Shields
  4114 | D:7      | Found a runed door.
  4114 | D:7      | Noticed Banto's ghost (novice OpEE)
  4130 | D:7      | Killed Banto's ghost
  4130 | D:7      | Reached XP level 10. HP: 31/64 MP: 3/16
  4217 | D:9      | Noticed a two-headed ogre
  4225 | D:9      | Killed a two-headed ogre
  4225 | D:9      | Reached skill level 5 in Dodging
  4273 | D:9      | Found an opulent altar of Gozag.
  4275 | D:9      | Found Fuil's Book Boutique.
  4312 | D:9      | Reached *** piety under Cheibriados
  4317 | D:9      | Found Atuph's Food Emporium.
  4340 | D:9      | Found a runed gate.
  4341 | D:9      | Noticed a nine-headed hydra
  4342 | D:9      | Noticed strelocc's ghost (novice CeHu)
  4342 | D:9      | Noticed a ten-headed hydra
  4343 | D:9      | Found a runed gate.
  4343 | D:9      | Found a runed gate.
  4443 | D:10     | Entered Level 10 of the Dungeon
  4578 | D:10     | Found a flagged portal.
  4592 | Bailey   | Entered a bailey
  4622 | Bailey   | Reached skill level 8 in Unarmed Combat
  4653 | Bailey   | Noticed an orc knight
  4683 | Bailey   | Killed an orc knight
  4683 | Bailey   | Reached skill level 5 in Spellcasting
  4715 | Bailey   | Noticed an orc knight
  4732 | Bailey   | Killed an orc knight
  4759 | Bailey   | Noticed a kobold demonologist
  4759 | Bailey   | Noticed a kobold demonologist
  4760 | Bailey   | Noticed a sun demon
  4767 | Bailey   | Noticed a sixfirhy
  4770 | Bailey   | Killed a kobold demonologist
  4780 | Bailey   | Killed a kobold demonologist
  4780 | Bailey   | Reached skill level 5 in Fighting
  4780 | Bailey   | Reached XP level 11. HP: 20/71 MP: 17/19
  4781 | Bailey   | Reached **** piety under Cheibriados
  4820 | Bailey   | Learned a level 4 spell: Animate Dead
  4839 | Bailey   | Found an iron altar of Okawaru.
  4992 | Bailey   | Identified the Handbook of Transmutation and Ice
  5179 | D:11     | Noticed a manticore
  5183 | D:11     | Reached ***** piety under Cheibriados
  5187 | D:11     | Killed a manticore
  5219 | D:11     | Reached skill level 5 in Shields
  5290 | D:11     | Learned a level 6 spell: Hydra Form
  5296 | D:11     | Noticed a green ugly thing
  5306 | D:11     | Killed a green ugly thing
  5365 | D:11     | Found a snail-covered altar of Cheibriados.
  5373 | D:11     | Reached skill level 1 in Invocations
  5400 | D:11     | Noticed a cyclops
  5404 | D:11     | Reached skill level 1 in Transmutations
  5420 | D:11     | Killed a cyclops
  5581 | D:12     | Reached skill level 9 in Unarmed Combat
  5751 | D:12     | Found Hyodij's Armour Emporium.
  5769 | D:12     | Noticed Azrael
  5781 | D:12     | Killed from afar by a hell hound

Vault maps used:
D:1:      dpeg_arrival_rooms_c, minmay_box_of_dots
D:2:      marbit_many_paths, serial_undead, serial_undead_d, serial_undead_a,
          serial_undead_b, serial_undead_d, chequers_ecumenical_altar_grove,
          first_ration
D:3:      gammafunk_steamed_eel, old_standard_altar, makhleb_heckhound_becter
D:4:      kennysheep_mini, nicolae_overflow_hidden_temple,
          lemuel_temple_firewalk_a
D:5:      serial_bayou, serial_bayou_ford_a, serial_bayou_lake_a,
          serial_bayou_shore_b, serial_bayou_pond_e, serial_bayou_crossing
D:6:      okawaru_gym_becter, nemelex_altar_shiori, slow_altar_1,
          gammafunk_ghost_necromancy, serial_shops, shop, shop_fountains, shop,
          minmay_misc_feat_square, kennysheep_generic_room_13,
          uniq_blork_the_orc
D:7:      tso_altar, yredelemnul_altar_generic, gammafunk_ghost_grave,
          uniq_joseph
D:9:      lemuel_crystal_altar, gammafunk_ghost_hydra_chop, serial_shops, shop,
          shop
D:10:     lair_entry_dummy, enter_bailey_2, grunt_pizzeria
D:11:     david_orc_5, basic_altar, minmay_joined_circles
D:12:     serial_shops, shop, uniq_nergalle, uniq_nessos, uniq_frances,
          uniq_azrael
Temple:   nicolae_temple_hex_pool
Bailey:   bailey_axe_of_yendor_kennysheep, bailey

Skill      XL: |  1  2  3  4  5  6  7  8  9 10 11 |
---------------+----------------------------------+-----
Unarmed Combat | 1 2 3 4 5 6 7 8 9 |  9.0
Fighting       | 1 2 3 4 5 |  5.5
Evocations     | 1 2 3 4 5 7 8 |  8.6
Dodging        | 3 4 5 6 |  6.0
Conjurations   | 2 3 4 |  4.6
Fire Magic     | 2 3 4 |  4.5
Spellcasting   | 4 5 6 |  6.2
Shields        | 2 4 5 |  5.4
Invocations    | 2 |  2.2
Transmutations | 1 |  1.8
Stealth        | 3 |  3.3
Necromancy     | |  4.0

Action                   |  1- 3 |  4- 6 |  7- 9 | 10-12 || total
-------------------------+-------+-------+-------+-------++-------
Melee: Unarmed           |    43 |    57 |   278 |   225 ||   603
       Constrict         |    16 |    17 |    71 |    50 ||   154
       Tentacles         |    10 |    12 |    60 |    71 ||   153
       Punch             |     1 |     2 |    15 |    25 ||    43
 Cast: Pain              |    17 |       |       |       ||    17
       Animate Skeleton  |     9 |     7 |    20 |    12 ||    48
       Regeneration      |     2 |     8 |    33 |    21 ||    64
       Sticky Flame      |       |       |     5 |     1 ||     6
       Animate Dead      |       |       |       |     3 ||     3
Evoke: Wand              |       |    12 |    14 |    56 ||    82
  Use: Potion            |     1 |       |       |     4 ||     5
       Scroll            |       |       |     8 |     3 ||    11
 Stab: Sleeping          |     8 |     1 |    20 |    24 ||    53
       Distracted        |     1 |       |     2 |     3 ||     6
       Betrayed ally     |       |       |     1 |       ||     1
  Eat: Chunk             |       |     3 |    13 |     3 ||    19
       Ration            |       |       |       |     1 ||     1
Armor: Skin              |     3 |     4 |     5 |    15 ||    27
Dodge: Dodged            |    18 |    26 |   156 |   110 ||   310
Block: Buckler           |       |       |     6 |    23 ||    29
       Shield            |       |       |       |    76 ||    76

Table legend:
 A = Spawn XP
 B = Non-spawn XP
 C = Spawn XP percentage of total XP
 D = Spawn monster count
 E = Non-spawn monster count
 F = Spawn count percentage of total count
 G = Total turns spent on level
                    A         B        C        D         E        F      G
               +---------+---------+-------+---------+---------+-------+---------
         Total |       0 |   16489 |   0.0 |       0 |     284 |   0.0 |  5781
               +---------+---------+-------+---------+---------+-------+---------
           D:1 |       0 |      59 |   0.0 |       0 |      30 |   0.0 |   532
           D:2 |       0 |      45 |   0.0 |       0 |      14 |   0.0 |   645
           D:3 |       0 |     412 |   0.0 |       0 |      28 |   0.0 |   644
           D:4 |       0 |     692 |   0.0 |       0 |      23 |   0.0 |   571
           D:5 |       0 |     483 |   0.0 |       0 |      18 |   0.0 |   440
           D:6 |       0 |     314 |   0.0 |       0 |       6 |   0.0 |   262
           D:7 |       0 |    1993 |   0.0 |       0 |      29 |   0.0 |   585
           D:8 |       0 |     913 |   0.0 |       0 |      20 |   0.0 |   428
           D:9 |       0 |    1774 |   0.0 |       0 |      23 |   0.0 |   258
          D:10 |       0 |     583 |   0.0 |       0 |       5 |   0.0 |   167
          D:11 |       0 |    5040 |   0.0 |       0 |      36 |   0.0 |   440
          D:12 |       0 |     845 |   0.0 |       0 |       8 |   0.0 |   243
        Bailey |       0 |    3336 |   0.0 |       0 |      44 |   0.0 |   488
               +---------+---------+-------+---------+---------+-------+---------
